Map: Cyber Forest LE

Players

Awers - Winner!

  • Race: Terran Terran
  • Spawn Location: 11:00

Leandoer

  • Race: Zerg Zerg
  • Spawn Location: 5:00

Event: 2019 WCS Spring

VOD

Have the link to the VOD?

Description

Time

  • Played on: May 17, 2019, 9:50 a.m.
  • Length: 14:05

All games in this series

Show
View Real Time Build Order
Export as new Build Order

Awers Terran - Winner!

Build Orders: Reaper Expand, Mech 

Get SALT Encoding   

  12  0:01  SCV  
  13  0:13  SCV  
  14  0:17  Supply Depot  
  14  0:25  SCV  
  15  0:38  SCV  
  15  0:40  Barracks  
  16  0:44  Refinery  
  16  0:50  SCV  
  17  1:03  SCV  
  18  1:15  SCV  
  19  1:27  Reaper  
  19  1:28  Orbital Command  
  20  1:43  Command Center  
  20  1:50  Supply Depot  
  20  1:55  SCV  
  20  2:00  Marine  
  22  2:07  SCV  
  23  2:13  Factory  
  23  2:19  SCV  
  23  2:20  Refinery  
  24  2:23  Barracks Reactor  
  24  2:31  SCV  
  25  2:43  SCV  
  26  2:55  SCV, Orbital Command  
  26  2:58  Starport  
  27  3:04  Hellion x2  
  31  3:07  SCV  
  32  3:19  SCV, Supply Depot  
  33  3:24  SCV  
  33  3:26  Hellion x2  
  38  3:31  SCV  
  39  3:35  Fusion Core  
  39  3:38  SCV  
  40  3:43  Supply Depot  
  39  3:48  Marine  
  39  3:49  Bunker  
  39  3:50  Starport Tech Lab  
  39  3:51  Widow Mine  
  39  3:52  Widow Mine  
  44  3:57  Bunker  
  44  4:00  SCV x2  
  46  4:09  Marine  
  46  4:10  Banshee  
  48  4:17  SCV  
  48  4:18  SCV  
  48  4:29  SCV  
  48  4:31  SCV  
  50  4:34  Supply Depot  
  50  4:37  Supply Depot  
  50  4:56  SCV x2  
  50  4:58  Battlecruiser  
  55  5:08  SCV x2, Command Center  
  57  5:18  Hellion x2  
  57  5:20  SCV  
  62  5:22  Supply Depot  
  62  5:30  Armory  
  62  5:40  SCV x2, Hellion x2, Supply Depot  
  68  5:48  Refinery  
  68  5:49  Refinery  
  68  5:52  SCV x2, Factory  
  70  6:02  Factory  
  70  6:04  SCV x2, Barracks Tech Lab, Supply Depot  
  72  6:16  SCV x2  
  74  6:20  Orbital Command  
  73  6:28  SCV x2  
  64  6:34  Starport Reactor  
  58  6:40  Terran Vehicle And Ship Armor Level 1, SCV x2  
  58  6:44  Factory  
  58  6:50  Cyclone  
  58  6:53  SCV x2  
  57  6:56  Hellion x2  
  57  6:58  Engineering Bay  
  57  7:00  Supply Depot  
  57  7:01  Siege Tank  
  64  7:03  SCV  
  64  7:05  SCV  
  64  7:10  SCV  
  65  7:16  SCV  
  65  7:19  Hellion x2  
  65  7:21  SCV  
  69  7:25  Siege Tank  
  69  7:26  SCV  
  73  7:30  Orbital Command, Factory Tech Lab  
  73  7:31  Barracks Reactor  
  73  7:34  SCV  
  73  7:36  Factory  
  74  7:38  SCV  
  74  7:39  Thor  
  74  7:42  Hellion x4  
  74  7:43  Refinery  
  81  7:45  Refinery  
  81  7:46  SCV  
  81  7:47  Hellion x2  
  81  7:51  SCV  
  87  7:56  Missile Turret, Siege Tank  
  87  7:57  SCV  
  87  7:58  SCV  
  92  7:59  Missile Turret  
  92  8:00  Missile Turret  
  92  8:03  SCV  
  92  8:05  Siege Tank  
  96  8:09  SCV  
  96  8:10  SCV  
  96  8:11  Hellion x2  
  102  8:15  SCV  
  103  8:21  SCV  
  103  8:24  Siege Tank  
  109  8:33  Siege Tank  
  108  8:34  Hellion  
  108  8:37  Viking x2  
  108  8:42  Infernal Pre-Igniter  
  108  8:49  Hellion x2, Siege Tank  
  108  8:52  Command Center  
  108  8:53  Supply Depot  
  115  8:55  Supply Depot  
  115  9:01  Sensor Tower  
  115  9:03  Missile Turret  
  115  9:04  Terran Vehicle Weapons Level 1  
  115  9:10  Supply Depot x2  
  115  9:13  Supply Depot  
  115  9:15  Hellion x3, Siege Tank  
  124  9:22  Siege Tank  
  125  9:26  Siege Tank  
  125  9:31  Hellion  
  130  9:36  Hellion  
  130  9:37  Viking  
  134  9:38  Viking  
  132  9:53  Hellion x2, Siege Tank  
  132  9:57  Siege Tank  
  140  10:03  SCV  
  140  10:06  SCV  
  142  10:09  Siege Tank  
  142  10:10  Hellion x2  
  142  10:12  Viking x2  
  153  10:14  Refinery  
  153  10:16  Refinery  
  153  10:23  Smart Servos  
  153  10:24  Hellion  
  153  10:25  Siege Tank  
  158  10:29  Siege Tank, Supply Depot  
  158  10:30  Hellion  
  158  10:31  Hellion  
  158  10:34  Hellion  
  163  10:42  Hellion, Siege Tank  
  154  10:50  Planetary Fortress  
  154  10:53  Viking, Missile Turret  
  154  10:55  Missile Turret  
  156  11:00  Hellion x4  
  156  11:03  Supply Depot  
  164  11:04  Terran Vehicle Weapons Level 2  
  161  11:22  Hellion, Siege Tank  
  161  11:27  Hellion, Siege Tank  
  160  11:40  Hellion x2, Siege Tank  
  160  11:44  Viking  
  162  11:49  Viking  
  162  11:53  Command Center  
  158  11:55  Thor, Factory  
  158  11:56  Factory  
  158  11:59  Thor  
  158  12:01  Armory  
  170  12:08  Liberator x2  
  161  12:19  Siege Tank  
  161  12:20  Hellion x2  
  154  12:38  SCV  
  158  12:44  Hellion x2, Siege Tank x2  
  158  12:45  Factory Reactor, Factory Tech Lab  
  165  12:51  Siege Tank  
  165  12:55  Hellion  
  167  13:02  Hellion  
  167  13:06  Hellion  
  165  13:16  Siege Tank x2  
  152  13:23  Hellion x2  
  152  13:24  Siege Tank  
  158  13:32  Hellion  
  160  13:37  Hellion  
  155  13:55  Missile Turret  
  146  13:56  Missile Turret  
Show
View Real Time Build Order
Export as new Build Order

Leandoer Zerg 

Build Orders: Hatch First, Roach Hydra 

Get SALT Encoding   

  12  0:00  Drone  
  13  0:13  Overlord  
  13  0:17  Drone  
  14  0:31  Drone x2  
  16  0:50  Hatchery  
  16  0:52  Drone  
  16  0:55  Drone  
  17  0:58  Drone  
  18  1:09  Extractor  
  17  1:15  Spawning Pool  
  17  1:17  Drone  
  17  1:20  Drone  
  18  1:28  Drone  
  19  1:41  Drone  
  20  1:50  Drone  
  21  2:04  Queen x2  
  21  2:05  Zergling x2  
  21  2:06  Zergling x2  
  27  2:19  Drone  
  27  2:21  Hatchery  
  27  2:22  Drone  
  28  2:32  Roach Warren  
  27  2:38  Drone  
  27  2:42  Overlord  
  27  2:53  Overlord  
  27  3:12  Roach x5  
  37  3:17  Roach  
  39  3:21  Drone  
  39  3:22  Drone x2  
  42  3:30  Drone x2  
  44  3:36  Queen, Drone  
  44  3:38  Drone x2  
  44  3:40  Drone  
  50  3:51  Overlord  
  50  3:53  Overlord  
  50  4:08  Queen  
  50  4:09  Drone x2  
  54  4:10  Drone  
  54  4:11  Drone x3  
  56  4:29  Drone x6  
  56  4:30  Drone  
  61  4:32  Queen  
  61  4:38  Drone x2  
  65  4:40  Drone  
  65  4:41  Lair  
  65  4:44  Spore Crawler  
  65  4:45  Spore Crawler  
  64  4:49  Spore Crawler, Drone  
  64  4:52  Drone x4  
  66  4:59  Overlord x2  
  66  5:04  Queen  
  62  5:08  Drone x4  
  62  5:11  Overlord  
  62  5:12  Overlord  
  66  5:18  Extractor  
  66  5:19  Extractor  
  66  5:20  Roach x3  
  70  5:23  Roach x2  
  74  5:30  Evolution Chamber, Drone x2  
  74  5:32  Evolution Chamber  
  74  5:37  Drone x2  
  74  5:38  Drone x4  
  80  5:48  Overseer  
  80  5:53  Roach  
  80  5:54  Roach x2  
  80  5:56  Extractor, Drone x3  
  88  5:57  Drone x2  
  88  5:58  Extractor, Drone  
  88  6:00  Glial Reconstitution  
  90  6:11  Zerg Missile Weapons Level 1  
  89  6:23  Hydralisk Den  
  82  6:34  Queen  
  82  6:39  Queen  
  80  6:42  Queen  
  82  6:51  Drone  
  82  6:52  Drone x7  
  88  6:57  Zerg Ground Armor Level 1  
  88  6:58  Overseer, Drone  
  88  6:59  Drone  
  88  7:00  Muscular Augments  
  90  7:03  Overlord  
  90  7:04  Overlord x2  
  90  7:05  Overlord  
  90  7:07  Extractor  
  90  7:08  Drone  
  90  7:12  Overlord x2  
  90  7:14  Hatchery  
  89  7:25  Hydralisk  
  89  7:26  Hydralisk x6  
  103  7:42  Spore Crawler  
  103  7:43  Spore Crawler  
  101  7:46  Hydralisk x6  
  101  7:50  Overseer  
  113  7:53  Spore Crawler  
  113  7:56  Roach x5  
  113  7:57  Roach  
  124  7:59  Drone  
  124  8:00  Drone x3  
  124  8:01  Drone  
  124  8:05  Hydralisk x3  
  129  8:12  Grooved Spines  
  135  8:15  Zerg Missile Weapons Level 2  
  135  8:17  Drone  
  135  8:18  Drone x2  
  134  8:27  Infestation Pit  
  134  8:28  Drone x6  
  135  8:38  Drone x2  
  135  8:39  Drone x2  
  135  8:40  Drone x3  
  135  8:41  Drone x2  
  142  8:47  Hydralisk  
  144  8:52  Overlord x3  
  144  8:57  Extractor x2  
  144  8:59  Zerg Ground Armor Level 2  
  144  9:01  Overlord x4  
  142  9:03  Hive  
  142  9:13  Drone  
  142  9:14  Drone x3  
  143  9:19  Drone x4  
  143  9:24  Drone x4  
  145  9:25  Drone  
  145  9:31  Spine Crawler x2  
  146  9:50  Spine Crawler  
  146  9:51  Drone x3  
  146  9:52  Spine Crawler  
  142  9:53  Drone x2  
  142  9:56  Hydralisk  
  142  9:57  Hydralisk x12  
  170  10:08  Overlord x3  
  170  10:14  Hatchery  
  169  10:24  Viper x5  
  184  10:32  Evolution Chamber x2  
  180  10:36  Roach x10  
  195  10:48  Drone x3  
  196  10:50  Drone  
  196  10:51  Drone x3  
  196  10:56  Spire  
  199  11:02  Zerg Missile Weapons Level 3  
  199  11:09  Overlord x2  
  199  11:15  Pathogen Glands  
  181  11:32  Roach  
  181  11:33  Roach x11  
  191  11:43  Hydralisk x4  
  183  12:21  Mutalisk x9  
  183  12:22  Mutalisk  
  182  12:30  Mutalisk  
  184  12:40  Zergling x32  
  144  13:21  Mutalisk x2, Roach  
  144  13:22  Mutalisk x8  
  151  13:33  Zergling x6  
  151  13:34  Zergling x6  
Tags
 
Add a new tag
Caveats
  • Supply blocks, unpowered buildings, or Contaminate may cause inaccurate times.
  • Supply counts are checked every 10 seconds.